 Dungeon Crawl Stone Soup version 0.27-a0-765-ge4d627daa3 (webtiles) character file.

Game seed: 8916525039093334672

1113 dickylongcocking the Covered (level 8, -4/56 HPs)
             Began as a Djinni Delver on Mar 25, 2021.
             Slain by Crazy Yiuf
             ... wielding a +4 quarterstaff of chaos
              (17 damage)
             ... on level 6 of the Dungeon.
             The game lasted 00:08:49 (6652 turns).

dickylongcocking the Covered (Djinni Delver)        Turns: 6652, Time: 00:08:49

Health: -4/56      AC: 11    Str: 13    XL:     8   Next: 33%
Gold:   238        EV: 15    Int: 12    God:
                   SH:  5    Dex: 15

rFire    + + .     SeeInvis .   g - +1 dagger (elec)
rCold    x . .     Faith    .   (no shield)
rNeg     + . .     Spirit   .   e - +1 ring mail
rPois    ∞         Reflect  +   k - +2 helmet
rElec    .         Harm     .   (no cloak)
rCorr    .         Rampage  .   (no gloves)
Will     .....                  (boots unavailable)
Stlth    +++.......             f - amulet "Veim" {Reflect +Blink rN+ SH+5 Stlth+}
HPRegen  0.18/turn              i - +4 ring of evasion
MPRegen  0.00/turn              (no ring)

@: mighty, attractive, flying, slowed, studying Armour, very slow
A: fire resistance 2, cold vulnerability 1, float, innate caster, hp casting,
extra vitality 1
a: Evoke Blink


You were on level 6 of the Dungeon.
You visited 1 branch of the dungeon, and saw 6 of its levels.

You collected 238 gold pieces.

Inventory:

Hand Weapons
 a - a +0 short sword
 g - a +1 dagger of electrocution (weapon)
 h - a +2 dagger of venom
Missiles
 d - 157 stones (quivered)
Armour
 b - a +0 leather armour
 e - a +1 ring mail (worn)
 k - a +2 helmet (worn)
Jewellery
 f - the amulet "Veim" (around neck) {Reflect +Blink rN+ SH+5 Stlth+}
   (You found it on level 4 of the Dungeon)

   [amulet of reflection]

   It shields you and reflects attacks.
   It protects you from negative energy.
   It lets you blink.
   It affects your SH (+5).
   It makes you more stealthy.
 i - a +4 ring of evasion (right hand)
Wands
 u - a wand of paralysis (7)
Scrolls
 j - 2 scrolls of identify
 l - a scroll of enchant weapon {unknown}
 o - a scroll of magic mapping
 q - a scroll of brand weapon {unknown}
 y - a scroll of random uselessness {unknown}
 z - a scroll of silence {unknown}
Potions
 m - 2 potions of magic {unknown}
 n - a potion of attraction
 s - a potion of lignification {unknown}
 t - a potion of berserk rage {unknown}
 v - a potion of brilliance {unknown}
 x - a potion of flight {unknown}
 A - a potion of invisibility {unknown}


   Skills:
 - Level 3.0 Fighting
 - Level 3.9 Short Blades
 * Level 7.6 Armour
 - Level 2.1 Dodging
 - Level 4.7 Stealth
 * Level 4.6 Spellcasting


You had 10 spell levels left.
You knew the following spells:

 Your Spells              Type           Power      Damage    Failure   Level
a - Sandblast             Erth           26%        2d8       6%          1
b - Stone Arrow           Conj/Erth      26%        3d8       19%         3
p - Poisonous Vapours     Pois/Air       26%        N/A       9%          2
Your spell library was empty.

Dungeon Overview and Level Annotations

Branches:
Dungeon (6/15)
 Temple: D:4-7

Altars:
Elyvilon
Hepliaklqana
Kikubaaqudgha
Ru
Trog
Uskayaw
Yredelemnul
Zin

Shops:
D:4 *([[(   D:5 *

Annotations:
D:3 2 transporters, Menkaure
D:5 2 transporters
D:6 Crazy Yiuf


Innate Abilities, Weirdness & Mutations

You are immune to poison.
Your flesh is very heat resistant. (rF++)
You are vulnerable to cold. (rC-)
You float through the air rather than walking.
You learn spells naturally, not from books.
Your magical power is your life essence.
You have superior vitality. (+4 HP)


Message History

Crazy Yiuf screams, "Seed down tea!"
Crazy Yiuf hits you with a +4 quarterstaff of chaos.
You feel very mighty all of a sudden.
You feel much better. Crazy Yiuf completely misses you.
You closely miss Crazy Yiuf.
Crazy Yiuf hits you with a +4 quarterstaff of chaos.
Crazy Yiuf freezes you.
Crazy Yiuf cries, "Leather hog mobile!"
Crazy Yiuf hits you with a +4 quarterstaff of chaos.
Okay, then.
Okay, then.
Okay, then.
Unknown command.
As you read the scroll labelled FEV ILILOYT, it crumbles to dust.
It is a scroll of enchant armour.
Your +0 ring mail glows green for a moment.
Crazy Yiuf cries, "Pitchfork snail tired!"
Crazy Yiuf misses you.
As you read the scroll labelled OHIRPH BEOR, it crumbles to dust.
It is a scroll of amnesia.
You feel forgetful for a moment.
Crazy Yiuf hits you with a +4 quarterstaff of chaos!
Crazy Yiuf burns you.
Crazy Yiuf hits you with a +4 quarterstaff of chaos!
As you read the scroll labelled SEEF COLURHUCK, it crumbles to dust.
The creatures around you are filled with an inner flame!
It was a scroll of immolation.
Crazy Yiuf hits you with a +4 quarterstaff of chaos!
* * * LOW HITPOINT WARNING * * *
Crazy Yiuf burns you.
* * * LOW HITPOINT WARNING * * *
Unknown command.
Crazy Yiuf cries, "Ghoul snail forty-two!"
You block Crazy Yiuf's attack.
Unknown command.
Crazy Yiuf twirls on the spot.
Crazy Yiuf screams, "Race agre disdain!"
Crazy Yiuf grits, "Earwax!
Candle turtle sing-song."
Crazy Yiuf hits you with a +4 quarterstaff of chaos!
You die...

##..##
#.............# #.#
...## #########.....#
#.# ..## ####..# #.#
..## ##.## #.# ...##
### ♣♣#### #..# #.#
....### #)..#♣♣
♣♣....###..# #.#
##....#
#...'.♣♣♣♣......##..#
#.# ##...#
#...#♣.g♣.......#..##
#.# ##..# ###
♣♣♣@♣....#...## #.#
#..# ♣♣♣♣♣###..## #.#
#..# #..## #.# ####
##.## #.# ##.## #.#
##.## #.# ##.## #.#
##.## #.# #.## ###


You could see Crazy Yiuf (inner flame).

Vanquished Creatures
  A water moccasin (D:5)
  An orc warrior (D:4)
  A necrophage (D:5)
  2 centaurs
  An ogre (D:6)
  A water moccasin skeleton (D:5)
  A wight (D:4)
  A howler monkey (D:6)
  A bullfrog zombie (D:5)
  2 jellies
  An orc priest (D:6)
  Terence (D:2)
  Jessica (D:2)
  An iguana (D:5)
  3 orc wizards (D:6)
  2 worker ants
  3 adders
  A white imp (D:5)
  An ufetubus (D:3)
  An adder skeleton (D:4)
  2 worms
  3 dart slugs
  15 orcs
  2 ball pythons
  4 bats
  5 endoplasms
  13 giant cockroaches
  A goblin (D:4)
  A hobgoblin (D:1)
  11 jackals
  2 frilled lizards
  4 kobolds
  5 rats
95 creatures vanquished.

Notes
Turn   | Place    | Note
-------+----------+-------------------------------------------
     0 | D:5      | dickylongcocking the Djinni Delver began the quest for the
                  | Orb.
     0 | D:5      | Reached XP level 1. HP: 20/20 MP: 0/0
    19 | D:5      | Reached XP level 2. HP: 22/25 MP: 0/0
    19 | D:5      | Reached XP level 3. HP: 27/30 MP: 0/0
    19 | D:5      | Learned a level 1 spell: Sandblast
   141 | D:5      | Found Teotomosa's Assorted Antiques.
   252 | D:5      | Found a transporter.
   252 | D:5      | Noticed a moth of wrath
   255 | D:5      | Found a bloodstained altar of Trog.
   264 | D:4      | Identified the amulet "Veim" {Reflect +Blink rN+ SH+5
                  | Stlth+}
   267 | D:4      | Reached XP level 4. HP: 35/35 MP: 0/0
   290 | D:4      | Found Nokaureph's Antique Armour Shop.
   824 | D:2      | Noticed Jessica
  1664 | D:2      | Found a hide-covered altar of Uskayaw.
  1678 | D:2      | Killed Jessica
  1679 | D:2      | Reached skill level 1 in Armour
  1679 | D:2      | Reached XP level 5. HP: 36/40 MP: 0/0
  1679 | D:2      | Learned a level 2 spell: Poisonous Vapours
  1818 | D:2      | Noticed Terence
  1823 | D:2      | Killed Terence
  2798 | D:3      | Found a basalt altar of Yredelemnul.
  2799 | D:3      | Noticed Menkaure
  2799 | D:3      | Noticed a phantom
  2811 | D:3      | Found a transporter.
  2813 | D:3      | Found a transporter.
  2847 | D:3      | Reached skill level 2 in Armour
  2852 | D:3      | Reached skill level 1 in Spellcasting
  3229 | D:4      | Reached XP level 6. HP: 37/46 MP: 0/0
  3259 | D:4      | Noticed an orc warrior
  3269 | D:4      | Killed an orc warrior
  3270 | D:4      | Reached skill level 3 in Armour
  3510 | D:4      | Found Jyfyuv's Assorted Antiques.
  3555 | D:4      | Found Ijughuim's Antique Weapon Shop.
  3613 | D:4      | Found Kotem's Armour Emporium.
  3633 | D:4      | Found a glowing silver altar of Zin.
  3634 | D:4      | Found Firig's Weapon Shop.
  3635 | D:4      | Found a sacrificial altar of Ru.
  3635 | D:4      | Found a white marble altar of Elyvilon.
  3647 | D:4      | Found a hazy altar of Hepliaklqana.
  4092 | D:5      | Found a transporter.
  4121 | D:5      | Noticed a necrophage
  4152 | D:5      | Killed a necrophage
  4153 | D:5      | Reached skill level 4 in Armour
  4153 | D:5      | Reached XP level 7. HP: 36/50 MP: 0/0
  4153 | D:5      | Learned a level 3 spell: Stone Arrow
  4447 | D:5      | Reached skill level 5 in Armour
  4809 | D:5      | Reached skill level 6 in Armour
  5159 | D:6      | Reached XP level 8. HP: 34/56 MP: 0/0
  5404 | D:6      | Reached skill level 7 in Armour
  6529 | D:6      | Found a runed translucent door.
  6530 | D:6      | Noticed Crazy Yiuf
  6652 | D:6      | Slain by Crazy Yiuf

Illustrated notes

Levels and vault maps discovered:
D:1:      onia_arrival_pentagram, layout_loops_ring, item_on_display_a
D:2:      minmay_roachtagon, layout_rooms, nicolae_uskayaw_dance_hall,
          uniq_terence, uniq_jessica
D:3:      layout_basic, gammafunk_temple_of_torment
D:4:      layout_cave_pods, nicolae_overflow_quartered_altars, serial_shops,
          nicolae_shop_stone, shop, nicolae_shop_crystal, nicolae_shop_crystal,
          nicolae_shop_trees, minmay_manual_mail
D:5:      gammafunk_steamed_eel, layout_gridville, serial_shops,
          kennysheep_mini, tgw_trog
D:6:      layout_layer_cave, serial_co_window_serial, co_window_paths_b,
          co_window_corner_a, co_window_corner_a, co_window_corner_a,
          co_window_paths_a, co_window_unsneaky_path_b,
          co_window_unsneaky_path_b, co_window_broadway_b, co_window_corner_b,
          co_window_corner_b, co_window_paths_c, uniq_crazy_yiuf_cottage

Skill      XL: |  1  2  3  4  5  6  7  8 |
---------------+-------------------------+-----
Short Blades   | 3 |  3.9
Armour         | 1 2 4 6 7 |  7.6
Spellcasting   | 1 2 4 |  4.6
Fighting       | |  3.0
Dodging        | |  2.1
Stealth        | |  4.7

Action                   |  1- 3 |  4- 6 |  7- 9 || total
-------------------------+-------+-------+-------++-------
Melee: Short sword       |    18 |   259 |       ||   277
       Dagger            |       |    28 |   128 ||   156
 Cast: Sandblast         |       |     6 |     2 ||     8
       Poisonous Vapours |       |     3 |    10 ||    13
       Stone Arrow       |       |       |     1 ||     1
Evoke: Wand              |     2 |     4 |       ||     6
  Use: Scroll            |     1 |     5 |     3 ||     9
       Potion            |       |     4 |     6 ||    10
 Stab: Sleeping          |     2 |     9 |     1 ||    12
       Paralysed         |       |     2 |       ||     2
Armor: Ring mail         |       |    70 |    32 ||   102
       Leather armour    |       |    13 |       ||    13
Dodge: Dodged            |    14 |   284 |    70 ||   368
Block: Other             |       |     6 |    22 ||    28
       Reflection        |       |     1 |       ||     1

Table legend: (Time is in decaauts)
 A = Elapsed time spent in this place.
 B = Non-inter-level travel time spent in this place.
 C = Inter-level travel time spent in this place.
 D = Time resting spent in this place.
 E = Time spent auto-exploring this place.
 F = Levels seen in this place.
 G = Mean time per level.
                   A        B        C        D        E       F      G
               +--------+--------+--------+--------+--------+-----+--------+
         Total |   6591 |   6416 |    175 |   1191 |   4063 |   6 | 1098.5 |
       Dungeon |   6591 |   6416 |    175 |   1191 |   4063 |   6 | 1098.5 |
               +--------+--------+--------+--------+--------+-----+--------+

Top non-repeatable levels by time:
     D:6: 1599 daAuts
     D:5: 1243 daAuts
     D:2: 1181 daAuts
     D:1: 1123 daAuts
     D:4: 1055 daAuts
     D:3: 388 daAuts
